 Dungeon Crawl Stone Soup version 0.23.0 (webtiles) character file.

Game seed: 6068724201923283120

349 Screwby the Shield-Bearer (level 6, -15/53 HPs)
             Began as a Gnoll Fighter on Feb 12, 2019.
             Demolished by an ogre
             ... wielding a +0 giant club
              (25 damage)
             ... on level 4 of the Dungeon.
             The game lasted 00:05:11 (2988 turns).

Screwby the Shield-Bearer (Gnoll Fighter)           Turns: 2988, Time: 00:05:12

Health: -15/53     AC: 10    Str: 20    XL:     6   Next: 60%
Magic:  9/9        EV:  9    Int: 10    God:
Gold:   105        SH: 11    Dex: 15    Spells: 9/9 levels left

rFire    + . .     SeeInvis .   a - +0 war axe
rCold    x . .     Gourm    .   c - +0 shield
rNeg     + . .     Faith    .   b - +0 scale mail
rPois    .         Spirit   .   q - +0 helmet
rElec    .         Reflect  .   (no cloak)
rCorr    .         Harm     .   e - +0 pair of gloves
MR       .....                  (no boots)
Stlth    +.........             (no amulet)
HPRegen  0.17/turn              N - ring of positive energy {rN+}
MPRegen  0.11/turn              j - ring of fire {rF+, rC-}

@: very slow
A: distributed training, fangs 1, strong nose
a: no special abilities


You were on level 4 of the Dungeon.
You were not hungry.

You visited 1 branch of the dungeon, and saw 4 of its levels.

You collected 105 gold pieces.

Inventory:

Hand Weapons
 a - a +0 war axe (weapon)
Missiles
 s - 8 poisoned needles
 t - 44 sling bullets
 u - 8 tomahawks
 Q - 73 stones (quivered)
Armour
 b - a +0 scale mail (worn)
 c - a +0 shield (worn)
 e - a +0 pair of gloves (worn)
 q - a +0 helmet (worn)
Jewellery
 j - a ring of fire (right hand) {rF+, rC-}
 N - a ring of positive energy (left hand) {rN+}
Wands
 D - a wand of digging (5)
Scrolls
 k - a scroll of remove curse {unknown}
 l - a scroll of blinking {unknown}
 o - a scroll of magic mapping {unknown}
 p - 3 scrolls of identify {unknown}
 r - a scroll of amnesia {unknown}
Potions
 d - a potion of might
 g - 2 potions of berserk rage {unknown}
 h - a potion of agility {unknown}
 m - a potion of degeneration {unknown}
 n - a potion of curing {unknown}
Comestibles
 f - 5 rations


   Skills:
 + Level 6.8 Fighting
 + Level 2.0 Short Blades
 + Level 2.0 Long Blades
 + Level 5.0 Axes
 + Level 2.0 Maces & Flails
 + Level 2.0 Polearms
 + Level 2.0 Staves
 + Level 2.0 Slings
 + Level 2.0 Bows
 + Level 2.0 Crossbows
 + Level 2.0 Throwing
 + Level 6.8 Armour
 + Level 2.0 Dodging
 + Level 2.0 Stealth
 + Level 6.8 Shields
 + Level 2.0 Unarmed Combat
 + Level 2.0 Spellcasting
 + Level 1.5 Conjurations
 + Level 1.5 Hexes
 + Level 1.5 Charms
 + Level 1.5 Summonings
 + Level 1.5 Necromancy
 + Level 1.5 Translocations
 + Level 1.5 Transmutations
 + Level 1.5 Fire Magic
 + Level 1.5 Ice Magic
 + Level 1.5 Air Magic
 + Level 1.5 Earth Magic
 + Level 1.5 Poison Magic
 + Level 2.2 Invocations
 + Level 2.0 Evocations


You had 9 spell levels left.
You didn't know any spells.
Your spell library contained the following spells:

 Spells                   Type           Power        Failure   Level  Hunger
 Magic Dart               Conj           #...         75%         1    ##.....
 Blink                    Tloc           N/A          87%         2    ###....
 Call Imp                 Summ           #.......     87%         2    ###....
 Slow                     Hex            #.......     87%         2    ###....
 Conjure Flame            Conj/Fire      #.......     98%         3    ####...
 Mephitic Cloud           Conj/Pois/Air  #.......     98%         3    ####...


Dungeon Overview and Level Annotations

Branches:
Dungeon (4/15)
 Temple: D:4-7

Altars:


Innate Abilities, Weirdness & Mutations

Your experience applies equally to all skills.
You have very sharp teeth.
Your uncanny sense of smell can sniff out nearby items.


Message History

The ogre hits you with a +0 giant club!
You take 11 damage, and have 42/53 hp.
MASSIVE DAMAGE!!
You hit the ogre but do no damage. You block the ogre's attack.
Your unstable footing causes you to fumble your attack.
The ogre hits you with a +0 giant club!!
* * * LOW HITPOINT WARNING * * *
All of the chunks of flesh in your inventory have rotted away.
You take 18 damage, and have 24/53 hp.
MASSIVE DAMAGE!!
Your unstable footing causes you to fumble your attack.
The ogre hits you with a +0 giant club!
* * * LOW HITPOINT WARNING * * *
You take 14 damage, and have 10/53 hp.
MASSIVE DAMAGE!!
Your unstable footing causes you to fumble your attack.
The ogre barely misses you.
You slash the ogre! You bite the ogre.
The ogre hits you with a +0 giant club!!
You die...

♣#...........##..#
...........#.##..###
###.....#.......#
##.#...#....[#.#
#..#...#.#...#...
#######.##.......###
#.
#.......#......... .
#..P≈♣.....♣♣≈≈≈..#.
..♣ ♣♣@≈≈♣P≈≈≈≈P....
♣≈≈≈O♣♣♣♣≈≈≈P≈≈P. .
≈PP≈≈≈Z ≈ .....?.
≈≈P≈≈≈≈ ≈≈≈≈≈≈≈ .
≈≈≈P≈≈≈ . ≈P≈♣♣♣≈


You could see an ogre and a hound skeleton.

Levels and vault maps discovered:
D:1:      eino_arrival_druids_welcome, layout_loops_corners,
          chequers_serial_rivers_micro_c
D:2:      layout_loops_cross
D:3:      layout_basic, portal_sewer_entry_e, grunt_ministairs_4, uniq_grinder
D:4:      layout_loops_ring, fedhas_ov_isle_minmay, first_ration, serial_bayou,
          serial_bayou_shore_a, serial_bayou_pond_e, serial_bayou_lagoon_b,
          serial_bayou_lake_a, palyth_stone_intersect

Notes
Turn   | Place    | Note
-------+----------+-------------------------------------------
     0 | D:1      | Screwby the Gnoll Fighter began the quest for the Orb.
     0 | D:1      | Reached XP level 1. HP: 23/23 MP: 1/1
   106 | D:1      | Reached XP level 2. HP: 29/29 MP: 2/2
   376 | D:1      | Identified a +0 club
   378 | D:1      | Identified a +0 dagger
   385 | D:1      | Identified a +0 war axe
   466 | D:1      | Identified a +0 whip
   471 | D:1      | Reached XP level 3. HP: 35/35 MP: 3/3
   638 | D:1      | Identified a cursed -2 club
   722 | D:1      | Identified a +0 club
   811 | D:1      | Identified a +0 pair of gloves (You found it on level 1 of
                  | the Dungeon)
  1025 | D:2      | Identified a +0 short sword
  1033 | D:2      | Reached skill level 1 in Invocations
  1100 | D:2      | Identified a +0 club
  1104 | D:2      | Identified a +0 club
  1190 | D:2      | Reached skill level 1 in Short Blades
  1190 | D:2      | Reached skill level 1 in Long Blades
  1190 | D:2      | Reached skill level 1 in Maces & Flails
  1190 | D:2      | Reached skill level 1 in Polearms
  1190 | D:2      | Reached skill level 1 in Staves
  1190 | D:2      | Reached skill level 1 in Slings
  1190 | D:2      | Reached skill level 1 in Bows
  1190 | D:2      | Reached skill level 1 in Crossbows
  1190 | D:2      | Reached skill level 1 in Throwing
  1190 | D:2      | Reached skill level 1 in Dodging
  1190 | D:2      | Reached skill level 1 in Stealth
  1190 | D:2      | Reached skill level 1 in Unarmed Combat
  1190 | D:2      | Reached skill level 1 in Spellcasting
  1190 | D:2      | Reached skill level 1 in Evocations
  1190 | D:2      | Reached XP level 4. HP: 41/41 MP: 5/5
  1314 | D:2      | Identified a +0 whip
  1376 | D:2      | Identified a +0 club
  1550 | D:2      | Identified a +0 club
  1626 | D:2      | Identified a +0 dagger
  1806 | D:2      | Identified a ring of positive energy (You found it on level
                  | 2 of the Dungeon)
  1808 | D:3      | Noticed Grinder
  1825 | D:3      | Paralysed by Grinder for 7 turns
  1831 | D:3      | HP: 10/41 [Grinder/nerve-wracking pain (3)]
  1834 | D:3      | Paralysed by Grinder for 3 turns
  1841 | D:3      | Paralysed by Grinder for 3 turns
  1842 | D:3      | HP: 8/41 [Grinder/nerve-wracking pain (2)]
  1858 | D:3      | Killed Grinder
  1858 | D:3      | Reached skill level 1 in Conjurations
  1858 | D:3      | Reached skill level 1 in Hexes
  1858 | D:3      | Reached skill level 1 in Charms
  1858 | D:3      | Reached skill level 1 in Summonings
  1858 | D:3      | Reached skill level 1 in Necromancy
  1858 | D:3      | Reached skill level 1 in Translocations
  1858 | D:3      | Reached skill level 1 in Transmutations
  1858 | D:3      | Reached skill level 1 in Fire Magic
  1858 | D:3      | Reached skill level 1 in Ice Magic
  1858 | D:3      | Reached skill level 1 in Air Magic
  1858 | D:3      | Reached skill level 1 in Earth Magic
  1858 | D:3      | Reached skill level 1 in Poison Magic
  1858 | D:3      | Reached skill level 2 in Invocations
  1858 | D:3      | Reached XP level 5. HP: 11/47 MP: 5/7
  1858 | D:3      | Reached XP level 6. HP: 13/53 MP: 5/8
  2010 | D:3      | Identified a ring of fire (You found it on level 3 of the
                  | Dungeon)
  2229 | D:3      | Reached skill level 5 in Axes
  2315 | D:3      | Identified a +0 helmet (You found it on level 3 of the
                  | Dungeon)
  2386 | D:3      | Identified a +0 club
  2426 | D:3      | Identified a +0 club
  2588 | D:3      | Reached skill level 2 in Short Blades
  2588 | D:3      | Reached skill level 2 in Long Blades
  2588 | D:3      | Reached skill level 2 in Maces & Flails
  2588 | D:3      | Reached skill level 2 in Polearms
  2588 | D:3      | Reached skill level 2 in Staves
  2588 | D:3      | Reached skill level 2 in Slings
  2588 | D:3      | Reached skill level 2 in Bows
  2588 | D:3      | Reached skill level 2 in Crossbows
  2588 | D:3      | Reached skill level 2 in Throwing
  2588 | D:3      | Reached skill level 2 in Dodging
  2588 | D:3      | Reached skill level 2 in Stealth
  2588 | D:3      | Reached skill level 2 in Unarmed Combat
  2588 | D:3      | Reached skill level 2 in Spellcasting
  2588 | D:3      | Reached skill level 2 in Evocations
  2709 | D:3      | Identified a +0 club
  2728 | D:3      | Identified a +0 club
  2728 | D:3      | Identified a +0 chain mail
  2728 | D:3      | Identified a cursed -2 flail
  2728 | D:3      | Identified a +0 chain mail
  2728 | D:3      | Identified a +0 club
  2728 | D:3      | Identified a +0 leather armour
  2728 | D:3      | Identified a +0 short sword
  2980 | D:4      | Identified a +0 giant club
  2986 | D:4      | HP: 10/53 [ogre/+0 giant club (15)]
  2988 | D:4      | Demolished by an ogre

Table legend:
 A = Turns spent in this place as a percentage of turns spent in the entire game.
 B = Non-inter-level travel turns spent in this place as a percentage of non-inter-level travel turns spent in the entire game.
 C = Inter-level travel turns spent in this place as a percentage of turns spent in this place.
 D = Turns resting spent in this place as a percentage of non-inter-level travel turns spent in this place.
 E = Turns spent auto-exploring this place as a percentage of non-inter-level travel turns spent in this place.
 F = Non-inter-level travel turns spent in this place divided by the number of levels of this place that you've seen.
                   A       B       C       D       E      F
               +-------+-------+-------+-------+-------+----------------------
         Total | 100.0 | 100.0 |   2.5 |   0.7 |  77.1 | 728.2
       Dungeon | 100.0 | 100.0 |   2.5 |   0.7 |  77.1 | 728.2
               +-------+-------+-------+-------+-------+----------------------

Table legend:
 A = Kills in this place as a percentage of kills in entire the game.
 B = Kills by you in this place as a percentage of kills by you in the entire game.
 C = Kills by friends in this place as a percentage of kills by friends in the entire game.
 D = Other kills in this place as a percentage of other kills in the entire game.
 E = Experience gained in this place as a percentage of experience gained in the entire game.
 F = Experience gained in this place divided by the number of levels of this place that you have seen.
                   A       B       C       D       E      F
               +-------+-------+-------+-------+-------+----------------------
         Total | 100.0 | 100.0 |   N/A |   N/A | 100.0 | 124.8
       Dungeon | 100.0 | 100.0 |   N/A |   N/A | 100.0 | 124.8
               +-------+-------+-------+-------+-------+----------------------

Skill      XL: |  1  2  3  4  5  6 |
---------------+-------------------+-----
Invocations    | 1 2 |  2.2
Short Blades   | 1 2 |  2.0
Long Blades    | 1 2 |  2.0
Maces & Flails | 1 2 |  2.0
Polearms       | 1 2 |  2.0
Staves         | 1 2 |  2.0
Slings         | 1 2 |  2.0
Bows           | 1 2 |  2.0
Crossbows      | 1 2 |  2.0
Throwing       | 1 2 |  2.0
Dodging        | 1 2 |  2.0
Stealth        | 1 2 |  2.0
Unarmed Combat | 1 2 |  2.0
Spellcasting   | 1 2 |  2.0
Evocations     | 1 2 |  2.0
Conjurations   | 1 |  1.5
Hexes          | 1 |  1.5
Charms         | 1 |  1.5
Summonings     | 1 |  1.5
Necromancy     | 1 |  1.5
Translocations | 1 |  1.5
Transmutations | 1 |  1.5
Fire Magic     | 1 |  1.5
Ice Magic      | 1 |  1.5
Air Magic      | 1 |  1.5
Earth Magic    | 1 |  1.5
Poison Magic   | 1 |  1.5
Axes           | 5 |  5.0
Fighting       | |  6.8
Armour         | |  6.8
Shields        | |  6.8

Action                   |  1- 3 |  4- 6 || total
-------------------------+-------+-------++-------
Melee: War axe           |   102 |   150 ||   252
       Bite              |     7 |    15 ||    22
  Eat: Chunk             |     1 |     6 ||     7
Armor: Scale mail        |    40 |    57 ||    97
Dodge: Dodged            |    32 |    38 ||    70
Block: Shield            |    65 |    68 ||   133

Vanquished Creatures
  Grinder (D:3)
  4 adders
  A river rat (D:3)
  2 worms
  3 dart slugs
  3 leopard geckos
  6 orcs (D:3)
  4 bats
  7 giant cockroaches
  6 goblins
  9 hobgoblins
  13 jackals
  7 kobolds
  A quokka (D:3)
  3 ball pythons
  7 frilled lizards
  A leopard gecko skeleton (D:4)
  11 rats
89 creatures vanquished.
